 Dungeon Crawl Stone Soup version 0.27.0-66-gdc8fb28755 (webtiles) character file.

Game seed: 6670393348783087026

1169 funkygono the Firebug (level 8, -1/44 HPs)
             Began as a Gargoyle Fire Elementalist on Aug 19, 2021.
             Was an Initiate of Vehumet.
             Slain by a death yak (3 damage)
             ... on level 8 of the Dungeon.
             The game lasted 00:09:49 (5549 turns).

funkygono the Firebug (Gargoyle Fire Elementalist)  Turns: 5549, Time: 00:09:49

Health: -1/44      AC:  7    Str: 12    XL:     8   Next: 40%
Magic:  13/15      EV: 12    Int: 18    God:    Vehumet [......]
Gold:   229        SH:  5    Dex: 10    Spells: 4/17 levels left

rFire    + . .     SeeInvis .   h - +1 whip
rCold    x . .     Faith    .   (no shield)
rNeg     + . .     Spirit   .   a - +0 robe
rPois    ∞         Reflect  +   (no helmet)
rElec    +         Harm     .   (no cloak)
rCorr    .         Rampage  .   (no gloves)
Will     .....                  (no boots)
Stlth    ++........             b - amulet of reflection
HPRegen  0.14/turn              f - ring of fire
MPRegen  0.14/turn              (no ring)

@: no status effects
A: sickness immunity, AC +5, negative energy resistance 1, electricity
resistance, torment resistance 1, petrification resistance
a: Renounce Religion


You were on level 8 of the Dungeon.
You worshipped Vehumet.
Vehumet was noncommittal.
You visited 2 branches of the dungeon, and saw 8 of its levels.

You collected 229 gold pieces.

Inventory:

Hand Weapons
 h - a +1 whip (weapon)
Missiles
 l - 84 stones
Armour
 a - a +0 robe (worn)
 d - quicksilver dragon scales
Jewellery
 b - an amulet of reflection (around neck)
 f - a ring of fire (left hand)
Potions
 c - a potion of cancellation
 g - a potion of curing
 i - 2 potions of attraction
 k - 2 potions of degeneration {unknown}
 m - a potion of ambrosia {unknown}
Miscellaneous
 o - a box of beasts (inert)


   Skills:
 + Level 2.0 Fighting
 + Level 2.5 Maces & Flails
 + Level 2.6 Dodging
 - Level 2.1 Stealth
 + Level 2.6 Shields
 + Level 5.0 Spellcasting
 + Level 4.5 Conjurations
 + Level 5.6 Fire Magic


You had 4 spell levels left.
You knew the following spells:

 Your Spells              Type           Power      Damage    Failure   Level
a - Foxfire               Conj/Fire      100%       2x1d9     1%          1
b - Conjure Flame         Conj/Fire      34%        6-21      4%          3
c - Sticky Flame          Conj/Fire      34%        2d5       16%         4
d - Fireball              Conj/Fire      17%        3d9       41%         5

Your spell library contained the following spells:

 Spells                   Type           Power      Damage    Failure   Level
 Inner Flame              Hex/Fire       22%        N/A       12%         3
 Cause Fear               Hex            2%         N/A       78%         4
 Discord                  Hex            2%         N/A       100%        8


Dungeon Overview and Level Annotations

Branches:
Dungeon (6/15)             Temple (1/1) D:4            Lair (0/6) D:8

Altars:
Cheibriados
Fedhas
Hepliaklqana
Kikubaaqudgha
Makhleb
Nemelex Xobeh
Okawaru
Qazlal
Ru
Sif Muna
Trog
Uskayaw
Vehumet
Wu Jian
Xom
The Shining One


Innate Abilities, Weirdness & Mutations

You are immune to sickness and miasma.
Your stone body is resilient. (AC +5)
You are immune to poison.
You resist negative energy. (rN+)
You are resistant to electric shocks. (rElec)
You are resistant to unholy torment.
You are immune to petrification.


Message History

The centaur wields a +0 shortbow.
The centaur shoots an arrow.
The arrow barely misses you.
The two-headed ogre moves out of view.
A bullfrog comes into view.
The bullfrog croaks.
The centaur shoots an arrow.
The arrow closely misses you.
The centaur shoots an arrow.
The arrow barely misses you.
The centaur shoots an arrow.
The arrow hits you but does no damage.
The bullfrog hits you but does no damage.
The centaur shoots an arrow.
The arrow hits you.
You barely miss the bullfrog.
The bullfrog hits you but does no damage.
The two-headed ogre closely misses you. x2
The bullfrog closely misses you. The bullfrog completely misses you.
The bullfrog misses you.
You aren't carrying any scrolls.
Unknown command.
You aren't carrying any scrolls.
Okay, then.
You aren't carrying any scrolls.
Unknown command.
Casting: Foxfire (safe; 1% risk of failure)
Confirm with . or Enter, or press ? or * to list all spells.
You feel a surge of power!
You conjure some foxfire!
The foxfire hits the death yak.
The death yak is lightly wounded.
Casting: Foxfire (safe; 1% risk of failure)
Confirm with . or Enter, or press ? or * to list all spells.
You feel a surge of power!
You conjure some foxfire!
You hit the death yak but do no damage.
The death yak is lightly wounded.
The foxfire hits the death yak but does no damage.
The death yak is lightly wounded.
The death yak gores you!!
* * * LOW HITPOINT WARNING * * *
Unknown command.
You barely miss the death yak.
The death yak is lightly wounded.
The death yak gores you.
You die...

....##......r###........#
..........rYrrY.........#
....>....r#######Y......#
..#.......# #...O......#
#.)##.....# #F##########
#.. #.r...# #Y##.#
#....r....# #....#
#r........# ####Y#
#####...#.# #@.# #.....#
####


You could see a death yak.

Vanquished Creatures
  Grinder (D:5)
  Edmund (D:4)
  Duvessa (D:5)
  2 black bears
  An ogre (D:5)
  A scorpion (D:4)
  Dowan (D:5)
  2 howler monkeys
  A hound (D:5)
  A jelly (D:4)
  An iguana (D:5)
  An orc wizard (D:3)
  A howler monkey zombie (D:5)
  10 adders
  4 ufetubi
  An adder skeleton (D:4)
  4 dart slugs
  5 orcs (D:3)
  5 ball pythons
  3 endoplasms
  A giant cockroach (D:1)
  6 goblins
  6 hobgoblins
  2 jackals (D:4)
  A quokka (D:2)
  4 bats
  3 frilled lizards
  A jackal skeleton (D:4)
  8 kobolds
  4 rats
83 creatures vanquished.

Vanquished Creatures (collateral kills)
  3 foxfires
3 creatures vanquished.

Vanquished Creatures (others)
  340 foxfires
  3 fungi (D:1)
  2 plants (D:1)
345 creatures vanquished.

Grand Total: 431 creatures vanquished

Notes
Turn   | Place    | Note
-------+----------+-------------------------------------------
     0 | D:1      | funkygono the Gargoyle Fire Elementalist began the quest
                  | for the Orb.
     0 | D:1      | Reached XP level 1. HP: 10/10 MP: 3/3
     3 | D:1      | Noticed an electric eel
    64 | D:1      | Found a faded altar of an unknown god.
   298 | D:1      | Reached XP level 2. HP: 11/15 MP: 0/5
   910 | D:2      | Reached XP level 3. HP: 17/19 MP: 0/6
   976 | D:2      | Learned a level 3 spell: Conjure Flame
  1375 | D:2      | Reached XP level 4. HP: 24/24 MP: 4/8
  1380 | D:2      | Learned a level 4 spell: Sticky Flame
  2257 | D:3      | Reached XP level 5. HP: 28/28 MP: 1/9
  2845 | D:4      | Found a stormy altar of Qazlal.
  3006 | D:4      | Reached skill level 1 in Shields
  3006 | D:4      | Reached XP level 6. HP: 22/33 MP: 2/11
  3332 | D:4      | Found a bloodstained altar of Trog.
  3390 | D:4      | Found a staircase to the Ecumenical Temple.
  3395 | Temple   | Entered the Ecumenical Temple
  3424 | Temple   | Became a worshipper of Vehumet
  3800 | D:5      | Entered Level 5 of the Dungeon
  3800 | D:5      | Noticed Edmund
  3800 | D:5      | Noticed a black bear
  3814 | D:4      | Killed a black bear
  3828 | D:4      | HP: 1/33 [Edmund (3)]
  3837 | D:4      | Killed Edmund
  3838 | D:4      | Reached skill level 1 in Fighting
  3838 | D:4      | Reached skill level 1 in Maces & Flails
  3838 | D:4      | Reached skill level 5 in Fire Magic
  3838 | D:4      | Reached XP level 7. HP: 22/38 MP: 2/13
  4025 | D:4      | Learned a level 5 spell: Fireball
  4250 | D:5      | Noticed a +0 spear
  4250 | D:5      | Noticed a +0 dagger
  4250 | D:5      | Noticed a +0 short sword
  4251 | D:5      | Noticed a +0 falchion
  4251 | D:5      | Noticed a +0 short sword
  4251 | D:5      | Noticed a +0 spear
  4251 | D:5      | Noticed a +0 falchion
  4251 | D:5      | Noticed a +0 dagger
  4297 | D:5      | Found a hide-covered altar of Uskayaw.
  4577 | D:5      | Noticed Grinder
  4589 | D:5      | Killed Grinder
  4590 | D:5      | Reached XP level 8. HP: 44/44 MP: 8/15
  4674 | D:5      | Found a sacrificial altar of Ru.
  4905 | D:5      | Noticed Dowan
  4910 | D:5      | Noticed Duvessa
  4943 | D:5      | Killed Duvessa
  4943 | D:5      | HP: 2/44 [Dowan/stone arrow (12)]
  4944 | D:5      | Reached skill level 5 in Spellcasting
  5370 | D:5      | Killed Dowan
  5480 | D:6      | You fall into a shaft and drop 2 floors!
  5521 | D:8      | Found a staircase to the Lair.
  5521 | D:8      | Noticed a death yak
  5521 | D:8      | Noticed a death yak
  5521 | D:8      | Noticed a death yak
  5532 | D:8      | Noticed a two-headed ogre
  5548 | D:8      | HP: 2/44 [death yak (19)]
  5549 | D:8      | Slain by a death yak

Illustrated notes

Levels and vault maps discovered:
D:1:      arrival_aquarium_a, layout_loops_ring, shapermc_ecumenical_altar_gd,
          minmay_misc_feat_columns
D:2:      layout_basic
D:3:      layout_basic, minmay_misc_feat_encased
D:4:      minmay_octagon_keep, layout_gridville,
          mainiacjoe_overflow_six_doors_small, trog_three_pillars_becter,
          temple_doors_e
D:5:      layout_loops_ring, kennysheep_mini, nicolae_uskayaw_en_pointe,
          uniq_duvessa, uniq_edmund, uniq_grinder
D:6:      layout_loops_ring, minivault_1, hangedman_decor_peaks_small,
          hangedman_minor_gate_pass
D:8:      layout_basic, dpeg_lair_monsters, lemuel_another_geyser
Temple:   minmay_temple_bridge_abc

Skill      XL: |  1  2  3  4  5  6  7  8 |
---------------+-------------------------+-----
Fire Magic     | 4 5 |  5.6
Spellcasting   | 3 4 5 |  5.0
Conjurations   | 2 3 4 |  4.5
Shields        | 1 2 |  2.6
Dodging        | 2 |  2.6
Fighting       | 1 2 |  2.0
Maces & Flails | 1 2 |  2.5
Stealth        | |  2.1

Action                   |  1- 3 |  4- 6 |  7- 9 || total
-------------------------+-------+-------+-------++-------
Melee: Unarmed           |     9 |       |       ||     9
       Whip              |     8 |    68 |    21 ||    97
 Cast: Foxfire           |    42 |   103 |    56 ||   201
Evoke: Box of beasts     |       |       |     1 ||     1
  Use: Scroll            |     1 |     7 |     2 ||    10
       Potion            |       |     2 |     1 ||     3
Armor: Robe              |    14 |    28 |     7 ||    49
Dodge: Dodged            |    19 |    47 |    25 ||    91
Block: Other             |     3 |    15 |     7 ||    25
       Reflection        |       |     1 |       ||     1
